Map: Jagannatha LE

Players

A.I. 1 (Very Easy) - Winner!

  • Race: Terran Terran
  • Spawn Location: 1:00

Syndrome

  • Race: Terran Terran
  • League: Master
  • Spawn Location: 7:00

VOD

https://www.youtube.com/watch?v=CupNHJotqmQ

Description

Time

  • Played on: Dec. 8, 2020, 5:34 p.m.
  • Length: 9:14
Show
View Real Time Build Order
Export as new Build Order

A.I. 1 (Very Easy) Terran - Winner!

Build Orders: Reaper Expand 

Get SALT Encoding   

  12  0:00  SCV  
  13  0:13  SCV  
  14  0:18  Supply Depot  
  14  0:41  Barracks  
  14  1:03  Command Center  
  14  1:28  Marine  
  14  1:30  Orbital Command, Supply Depot  
  15  1:38  Refinery  
  15  1:49  Refinery  
  15  1:56  SCV  
  16  2:08  SCV  
  16  2:15  SCV  
  18  2:18  Reaper  
  18  2:22  SCV  
  20  2:29  SCV  
  21  2:36  SCV  
  22  2:37  Refinery  
  22  2:44  SCV  
  23  2:51  SCV  
  24  2:58  SCV  
  25  3:03  Marine  
  25  3:05  SCV  
  27  3:12  SCV  
  28  3:14  Factory  
  28  3:35  Refinery  
  28  3:38  SCV  
  29  3:45  SCV  
  30  3:49  Marine  
  30  3:53  SCV  
  32  3:56  Supply Depot  
  32  4:00  SCV  
  32  4:01  Starport  
  33  4:07  SCV  
  34  4:15  SCV  
  35  4:22  SCV  
  35  4:29  SCV  
  36  4:35  Marine  
  36  4:36  SCV  
  36  4:37  Starport Tech Lab  
  38  4:43  SCV  
  39  4:47  Supply Depot  
  39  4:51  SCV  
  40  4:55  Raven  
  40  4:58  SCV  
  43  5:05  SCV  
  44  5:12  SCV  
  45  5:19  SCV  
  45  5:20  Marine  
  47  5:27  SCV  
  48  5:38  Raven  
  50  6:06  Reaper  
  51  6:39  Barracks Tech Lab  
  51  6:44  SCV  
  51  7:00  Marauder  
Show
View Real Time Build Order
Export as new Build Order

Syndrome Terran 

Build Orders: Gas First Reaper Expand 

Get SALT Encoding   

  12  0:00  SCV  
  13  0:12  SCV  
  14  0:17  Supply Depot  
  14  0:24  SCV  
  14  0:28  Refinery  
  15  0:38  SCV  
  16  0:44  Barracks  
  16  0:50  SCV  
  17  1:03  SCV  
  18  1:15  SCV  
  19  1:34  Orbital Command, Reaper  
  20  1:46  Command Center  
  20  1:57  Factory  
  20  2:01  SCV  
  21  2:07  Barracks Reactor  
  21  2:13  SCV  
  22  2:15  Supply Depot  
  22  2:20  Refinery  
  22  2:25  SCV  
  23  2:37  SCV  
  23  2:42  Factory Tech Lab  
  24  2:45  Marine x2  
  24  2:49  SCV  
  27  2:59  Orbital Command  
  27  3:00  Cyclone  
  27  3:01  SCV  
  27  3:02  Marine  
  27  3:03  Marine  
  33  3:11  Starport  
  33  3:13  SCV  
  34  3:25  SCV  
  35  3:29  SCV  
  36  3:36  Siege Tank  
  36  3:38  SCV  
  36  3:41  SCV  
  41  3:44  Refinery, Supply Depot  
  41  3:51  Marine x2  
  41  3:52  SCV  
  41  3:53  SCV  
  41  3:54  Starport Tech Lab  
  45  4:04  SCV  
  45  4:06  SCV  
  45  4:08  Supply Depot  
  47  4:17  SCV, Raven  
  48  4:18  SCV  
  50  4:28  Command Center  
  50  4:29  SCV  
  50  4:30  SCV  
  52  4:32  Supply Depot  
  52  4:33  Siege Tank  
  55  4:39  Marine x2  
  55  4:41  SCV  
  55  4:42  SCV  
  59  4:53  SCV  
  59  4:54  SCV, Supply Depot  
  59  4:57  Marine x2  
  63  5:00  Raven  
  63  5:05  SCV  
  63  5:06  Siege Tank, SCV  
  70  5:12  Refinery, Supply Depot  
  70  5:15  Marine x2  
  70  5:17  SCV  
  70  5:18  SCV, Supply Depot  
  74  5:29  SCV  
  74  5:30  SCV  
  74  5:32  Barracks  
  74  5:34  Supply Depot, Barracks  
  76  5:41  Siege Tank, SCV, Supply Depot  
  81  5:42  SCV  
  81  5:53  Engineering Bay, SCV  
  81  5:54  Stimpack, Engineering Bay, Starport Reactor  
  81  5:55  SCV  
  83  6:02  Orbital Command  
  83  6:05  SCV  
  83  6:07  SCV  
  85  6:15  Siege Tank  
  85  6:18  SCV  
  89  6:19  SCV  
  90  6:27  Terran Infantry Weapons Level 1, SCV, Terran Infantry Armor Level 1  
  90  6:30  SCV  
  92  6:33  Marine  
  92  6:35  SCV  
  92  6:36  Starport Reactor  
  95  6:40  SCV  
  95  6:42  Marine x4, SCV, Supply Depot x2  
  103  6:47  Siege Tank, SCV  
  103  6:48  Barracks  
  103  6:50  Barracks  
  103  6:51  Marine  
  103  6:52  SCV  
  107  6:54  SCV  
  107  6:58  Refinery  
  107  6:59  Refinery, SCV  
  108  7:04  SCV, Supply Depot  
  109  7:09  Supply Depot  
  109  7:10  Marine x5  
  109  7:12  Medivac x2  
  118  7:19  Siege Tank  
  118  7:22  Sensor Tower  
  121  7:23  Armory  
  121  7:28  Marine x5  
  126  7:30  Supply Depot x2  
  126  7:33  Combat Shield  
  126  7:44  Barracks Reactor x2  
  126  7:45  Marine  
  126  7:46  Marine x4  
  126  7:48  Viking x2  
  135  8:03  Marine x2  
  135  8:04  Marine x3  
  140  8:07  Command Center  
  140  8:08  Missile Turret x2  
  140  8:09  Missile Turret  
  140  8:21  Marine x4  
  140  8:22  Marine  
  140  8:23  Siege Tank  
  140  8:24  Viking  
  140  8:26  Viking  
  152  8:37  Marine x4  
  152  8:39  Marine x3  
  166  9:09  Supply Depot  
  173  9:10  Supply Depot  
Tags
 
Add a new tag
Caveats
  • Supply blocks, unpowered buildings, or Contaminate may cause inaccurate times.
  • Supply counts are checked every 10 seconds.